 Dungeon Crawl Stone Soup version 0.29.1-1-gd02db6906a (webtiles) character file.

Game seed: 10999104642673834655

14606 RascalDebosk the Nimble (level 12, -1/91 HPs)
             Began as a Djinni Conjurer on Oct 9, 2022.
             Was a Follower of Makhleb.
             Slain by a soul eater (7 damage)
             ... on level 10 of the Dungeon on Oct 10, 2022.
             The game lasted 02:19:10 (16972 turns).

RascalDebosk the Nimble (Djinni Conjurer)          Turns: 16972, Time: 02:19:11

Health: -1/91      AC: 11    Str:  6    XL:     12   Next: 47%
Gold:   259        EV: 19    Int: 24    God:    Makhleb [*.....] SH:  5 Dex: 19

rFire   + + +      SeeInvis .   D - +4 scimitar (flame)
rCold   . . .      Faith    .   (no shield)
rNeg    . . .      Spirit   .   A - +2 robe {rC+ rF+}
rPois   ∞          Reflect  +   J - +0 helmet
rElec   .          Harm     .   o - +0 cloak
rCorr   .          Rampage  .   a - +0 pair of gloves
Will    +....                   (boots unavailable)
Stlth   ++++......              z - amulet of reflection
HPRegen 0.25/turn               E - +6 ring of dexterity
MPRegen 0.00/turn               h - +4 ring of protection

@: flying, studying Stealth
A: sickness immunity, fire resistance 2, cold vulnerability 1, float, innate
caster, HP casting, extra vitality 1, subdued magic 1
a: Renounce Religion


You were on level 10 of the Dungeon.
You worshipped Makhleb.
Makhleb was aware of your devotion.
You visited 2 branches of the dungeon, and saw 12 of its levels.

You collected 748 gold pieces.
You spent 489 gold pieces at shops.

Inventory:

Hand Weapons
 l - a +2 short sword of flaming
 p - a +2 eveningstar of electrocution
 D - a +4 scimitar of flaming (weapon)
Missiles
 H - 5 throwing nets {@!f}
Armour
 a - a +0 pair of gloves (worn)
 o - a +0 cloak (worn)
 A - a +2 robe of resistance (worn)
 I - a +0 robe of the Archmagi
 J - a +0 helmet (worn)
Jewellery
 b - an amulet of faith
 d - a ring of protection from fire
 h - a +4 ring of protection (right hand)
 z - an amulet of reflection (around neck)
 E - a +6 ring of dexterity (left hand)
Wands
 n - a wand of polymorph (3)
 y - a wand of charming (13)
 G - a wand of roots (4)
 K - a wand of quicksilver (7)
Scrolls
 e - a scroll of fear
 f - 2 scrolls of fog
 i - 2 scrolls of identify
 t - 4 scrolls of teleportation
 u - a scroll of magic mapping
 w - a scroll of enchant weapon
Potions
 c - a potion of invisibility
 j - 2 potions of might
 k - a potion of magic
 m - 2 potions of ambrosia
 q - 3 potions of berserk rage
 r - 6 potions of brilliance
 s - a potion of resistance
 v - 2 potions of heal wounds
 x - 2 potions of curing
 F - a potion of cancellation
Miscellaneous
 B - a box of beasts (inert)
 C - a tin of tremorstones (1/2)


   Skills:
 + Level 9.8 Fighting
 + Level 11.0 Dodging
 + Level 8.4 Stealth
 + Level 8.3 Spellcasting
 - Level 6.7 Evocations


You couldn't memorise any spells.
You knew the following spells:

 Your Spells              Type           Power      Damage    Failure   Level
a - Magic Dart            Conj           100%       1d8       1%          1
b - Searing Ray           Conj           76%        2d7       1%          2
c - Dazzling Flash        Conj/Hex       76%        N/A       1%          3
d - Fulminant Prism       Conj/Hex       19%        3d11      1%          4
e - Iskenderun's Mystic   Conj/Tloc      38%        2d9       1%          4
f - Freeze                Ice            100%       1d11      1%          1
g - Wereblood             Tmut           38%        N/A       1%          2
h - Call Canine Familiar  Summ           38%        N/A       1%          3
i - Animate Armour        Summ/Erth      76%        N/A       1%          4
j - Irradiate             Conj/Tmut      19%        3d18      4%          5
Your spell library was empty.

Dungeon Overview and Level Annotations

Branches:
Dungeon (11/15)            Temple (1/1) D:6             Orc (0/2) D:9
   Lair: D:8-11

Altars:
Ashenzari
Cheibriados
Dithmenos
Elyvilon
Fedhas
Gozag
Hepliaklqana
Makhleb
Nemelex Xobeh
Okawaru
Qazlal
Ru
Trog
Uskayaw
Wu Jian
Xom
Yredelemnul
Zin
The Shining One

Shops:
D:5 *((!   D:10 [

Annotations:
D:5 1 exclusion


Innate Abilities, Weirdness & Mutations

You are immune to sickness and miasma.
You are immune to poison.
Your flesh is very heat resistant. (rF++)
You are vulnerable to cold. (rC-)
You float through the air rather than walking.
You learn spells naturally, not from books.
Your magical power is your life essence.
You have superior vitality. (+4 MHP)
Your spells are a little easier to cast, but a little less powerful.


Message History

The soul eater hits you!
* * * LOW HITPOINT WARNING * * *
The searing ray hits the soul eater!
The soul eater is heavily wounded.
* * * LOW HITPOINT WARNING * * *
The soul eater hits you.
* * * LOW HITPOINT WARNING * * *
The searing ray misses the soul eater.
* * * LOW HITPOINT WARNING * * *
You finish channelling your searing ray.
You block the soul eater's attack. The soul eater hits you!
* * * LOW HITPOINT WARNING * * *
You fly upwards.
There is a stone staircase leading down here.
Blink to where?
Press: ? - help, Dir - move target
As you read the scroll of blinking, it crumbles to dust.
There is a stone staircase leading up here.
You fly upwards.
There is a stone staircase leading down here.
You start resting.
HP restored.
You fly downwards.
The soul eater hits you!
There is a stone staircase leading up here.
Casting: Searing Ray (safe; 1% risk of failure)
Confirm with . or Enter, or press ? or * to list all spells.
You don't know that spell.
The box of beasts is presently inert.
The tremorstone explodes into fragments!
The burst of rock shards engulfs the soul eater.
The burst of rock shards engulfs you!
The burst of rock shards engulfs the soul eater!
The soul eater misses you.
Casting: Searing Ray (safe; 1% risk of failure)
Confirm with . or Enter, or press ? or * to list all spells.
You erupt in a blast of force!
The mystic blast hits the soul eater.
The soul eater is moderately wounded.
The soul eater is knocked back by the mystic blast.
Casting: Iskenderun's Mystic Blast (mildly dangerous; 1% risk of failure)
Confirm with . or Enter, or press ? or * to list all spells.
You erupt in a blast of force!
The mystic blast hits the soul eater but does no damage.
The soul eater is moderately wounded.
The soul eater hits you but does no damage.
Casting: Iskenderun's Mystic Blast (mildly dangerous; 1% risk of failure)
Confirm with . or Enter, or press ? or * to list all spells.
You erupt in a blast of force!
The mystic blast hits the soul eater but does no damage.
The soul eater is lightly wounded.
The soul eater hits you.
Casting: Iskenderun's Mystic Blast (mildly dangerous; 1% risk of failure)
Confirm with . or Enter, or press ? or * to list all spells.
You erupt in a blast of force!
The mystic blast hits the soul eater but does no damage.
The soul eater is lightly wounded.
The soul eater hits you!
* * * LOW HITPOINT WARNING * * *
You hit the soul eater but do no damage.
The soul eater is lightly wounded.
The soul eater barely misses you.
You slash the soul eater! You burn the soul eater.
The soul eater is heavily wounded.
The soul eater misses you. The soul eater completely misses you.
You hit the soul eater but do no damage.
The soul eater is heavily wounded.
The soul eater hits you but does no damage.
You hit the soul eater but do no damage.
The soul eater is heavily wounded.
You block the soul eater's attack.
You slash the soul eater! You burn the soul eater.
The soul eater is severely wounded.
The soul eater hits you but does no damage.
The soul eater misses you.
You slash the soul eater! You burn the soul eater.
The soul eater is almost dead.
You block the soul eater's attack.
You hit the soul eater but do no damage.
The soul eater is almost dead.
The soul eater barely misses you. The soul eater hits you!!
* * * LOW HITPOINT WARNING * * *
You closely miss the soul eater.
The soul eater is almost dead.
The soul eater closely misses you.
You hit the soul eater but do no damage.
The soul eater is almost dead.
The soul eater hits you but does no damage.
You closely miss the soul eater.
The soul eater is almost dead.
The soul eater hits you!
* * * LOW HITPOINT WARNING * * *
The soul eater hits you!
* * * LOW HITPOINT WARNING * * *
You completely miss the soul eater.
The soul eater is almost dead.
You block the soul eater's attack.
You hit the soul eater but do no damage.
The soul eater is almost dead.
The soul eater completely misses you. The soul eater hits you!
You die...

#..............###..........
##..#.....#.....##......#...
#..##..#........###....##...
##..#..#.............#......
##............#......#..###.
#..................####.# #.
##.......................###.
#........................##..
##......##..@#.....##........
#####.#......3.........##.....
#.....#.......###.....##......
#.###+##+##'######.....#......
#.#.....#.....##.!)...........
#.#.....#.....##[.............
#.'##'##+##+##'...[...........
#.#..#.....#..#.....###.......
#.#..#'###+#..#...............


You could see a soul eater.

Vanquished Creatures
  Harold (D:9)
  A hydra (D:11)
  2 two-headed ogres (D:11)
  A deep elf pyromancer (D:8)
  A manticore (D:11)
  2 cyclopes (D:8)
  A rust devil (D:11)
  A gargoyle (D:10)
  Psyche (D:9)
  An efreet (D:8)
  2 trolls
  The ghost of quakins the Cleaver, an amateur MiBe of Trog (D:3)
  Prince Ribbit (D:5)
  A shadow (D:10)
  15 yaks
  A wraith (D:7)
  A neqoxec (D:11)
  Menkaure (D:7)
  3 water moccasins
  6 orc warriors
  3 ogres
  A black bear (D:5)
  2 centaurs (D:7)
  2 kobold brigands (D:7)
  Blork the orc (D:6)
  3 bullfrogs
  3 gnoll sergeants (D:10)
  4 scorpions
  23 wights
  14 killer bees
  A howler monkey (D:5)
  A crimson imp (D:4)
  6 hounds
  A quasit (D:11)
  A jelly (D:7)
  A gnoll bouda (D:10)
  10 orc priests
  4 iguanas
  6 orc wizards
  18 gnolls
  A howler monkey skeleton (D:7)
  9 adders
  A shadow imp (D:7)
  A white imp (D:4)
  A worm (D:4)
  A dart slug (D:4)
  49 orcs
  9 endoplasms
  3 giant cockroaches
  14 goblins
  6 hobgoblins
  11 jackals
  11 kobolds
  2 quokkas
  8 ball pythons
  3 bats
  2 frilled lizards (D:3)
  4 rats
  A fulminant prism (D:9)
286 creatures vanquished.

Vanquished Creatures (collateral kills)
  A centaur warrior (D:10)
  A kobold brigand (D:6)
  A hound (D:10)
  2 gnolls (D:10)
  An orc (D:6)
  3 kobolds
9 creatures vanquished.

Vanquished Creatures (others)
  5 dream sheep (D:4)
  A kobold brigand (D:9)
  46 fulminant prisms
52 creatures vanquished.

Grand Total: 347 creatures vanquished

Notes
Turn   | Place    | Note
-------+----------+-------------------------------------------
     0 | D:1      | RascalDebosk the Djinni Conjurer began the quest for the
                  | Orb.
     0 | D:1      | RascalDebosk set off with the following spells memorised:
                  | Magic Dart, Searing Ray, Dazzling Flash, Fulminant Prism,
                  | Iskenderun's Mystic Blast.
     0 | D:1      | Reached XP level 1. HP: 15/15 MP: 0/0
   393 | D:1      | Reached XP level 2. HP: 18/22 MP: 0/0
   894 | D:1      | Reached skill level 1 in Fighting
  1223 | D:2      | Reached XP level 3. HP: 26/27 MP: 0/0
  1223 | D:2      | Learned a level 1 spell: Freeze
  1590 | D:2      | Reached XP level 4. HP: 29/32 MP: 0/0
  1595 | D:2      | Reached skill level 3 in Dodging
  1821 | D:2      | Found a faded altar of an unknown god.
  2609 | D:3      | Found a runed translucent gate.
  2609 | D:3      | Found a runed translucent gate.
  2609 | D:3      | Found a runed translucent gate.
  2612 | D:3      | Noticed quakins's ghost (amateur MiBe)
  2616 | D:3      | Identified the +4 whip of Insufficient Pleasure {flame,
                  | +Blink rPois rC-}
  2784 | D:3      | Found a glowing golden altar of the Shining One.
  2785 | D:3      | Found a sparkling altar of Nemelex Xobeh.
  3236 | D:4      | Reached XP level 5. HP: 36/38 MP: 0/0
  3236 | D:4      | Learned a level 2 spell: Wereblood
  4152 | D:4      | Reached XP level 6. HP: 45/45 MP: 0/0
  4346 | D:4      | Noticed a dream sheep
  4346 | D:4      | Noticed a dream sheep
  4346 | D:4      | Noticed a dream sheep
  4346 | D:4      | Noticed a dream sheep
  4346 | D:4      | Noticed a dream sheep
  4346 | D:4      | Found a shimmering altar of Xom.
  4350 | D:4      | Killed a dream sheep
  4350 | D:4      | Killed a dream sheep
  4350 | D:4      | Killed a dream sheep
  4350 | D:4      | Killed a dream sheep
  4350 | D:4      | Killed a dream sheep
  4703 | D:4      | Reached skill level 4 in Dodging
  4883 | D:5      | Entered Level 5 of the Dungeon
  5120 | D:5      | Found Wenymuuh's Weapon Shoppe.
  5121 | D:5      | Found Okosaum's Weapon Shoppe.
  5144 | D:5      | Reached XP level 7. HP: 46/50 MP: 0/0
  5144 | D:5      | Learned a level 3 spell: Call Canine Familiar
  5168 | D:5      | Found Xoucare's Distillery.
  5174 | D:5      | Bought a potion of heal wounds for 55 gold pieces
  5174 | D:5      | Bought a potion of ambrosia for 88 gold pieces
  5174 | D:5      | Bought a potion of mutation for 88 gold pieces
  5382 | D:5      | Noticed a water moccasin
  5393 | D:5      | Killed a water moccasin
  5394 | D:5      | Reached skill level 5 in Dodging
  5394 | D:5      | Reached XP level 8. HP: 49/58 MP: 0/0
  5520 | D:5      | Noticed Prince Ribbit
  5534 | D:5      | Killed Prince Ribbit
  5535 | D:5      | Reached skill level 1 in Evocations
  5757 | D:5      | Found Boducw's Assorted Antiques.
  5777 | D:5      | Found a stormy altar of Qazlal.
  6099 | D:6      | Reached skill level 5 in Spellcasting
  6111 | D:6      | Reached skill level 6 in Dodging
  6348 | D:6      | Noticed Blork the orc
  6358 | D:6      | Killed Blork the orc
  6359 | D:6      | Reached skill level 5 in Fighting
  6359 | D:6      | Reached XP level 9. HP: 55/65 MP: 0/0
  6359 | D:6      | Learned a level 4 spell: Animate Armour
  7306 | D:6      | Found a staircase to the Ecumenical Temple.
  7312 | Temple   | Entered the Ecumenical Temple
  7653 | D:7      | Reached skill level 7 in Dodging
  8218 | D:7      | Found a basalt altar of Yredelemnul.
  8275 | D:7      | Noticed Menkaure
  8297 | D:7      | Reached XP level 10. HP: 54/73 MP: 0/0
  8311 | D:7      | Found a transporter.
  8313 | D:7      | Found a transporter.
  8809 | D:8      | Noticed a cyclops
  8815 | D:8      | Noticed a deep elf pyromancer
  8817 | D:8      | Killed a cyclops
  8818 | D:8      | Reached skill level 5 in Evocations
  8822 | D:8      | Noticed a cyclops
  8823 | D:8      | Killed a deep elf pyromancer
  8824 | D:8      | Reached skill level 8 in Dodging
  8824 | D:8      | Noticed an efreet
  9235 | D:3      | Killed quakins's ghost
  9581 | D:7      | Killed Menkaure
 10929 | D:8      | Found a white marble altar of Elyvilon.
 11877 | D:8      | Killed a cyclops
 11878 | D:8      | Reached skill level 9 in Dodging
 11878 | D:8      | Reached XP level 11. HP: 41/81 MP: 0/0
 11878 | D:8      | Learned a level 5 spell: Irradiate
 12286 | D:5      | Bought a potion of brilliance for 44 gold pieces
 12286 | D:5      | Bought a potion of cancellation for 88 gold pieces
 12286 | D:5      | Bought a potion of brilliance for 44 gold pieces
 12286 | D:5      | Bought a potion of might for 44 gold pieces
 12340 | D:5      | Bought a scroll labelled ROETIT TYUL for 19 gold pieces
 12340 | D:5      | Bought a scroll labelled OMOILA YNILU for 19 gold pieces
 12340 | D:5      | Identified a scroll of acquirement
 12340 | D:5      | Acquired a manual of Stealth
 12448 | D:9      | Found a staircase to the Orcish Mines.
 12988 | D:9      | Reached skill level 5 in Stealth
 13650 | D:9      | Noticed Psyche
 13658 | D:9      | Killed Psyche
 13781 | D:9      | Noticed Harold
 13791 | D:9      | Killed Harold
 13792 | D:9      | Reached skill level 10 in Dodging
 13968 | D:9      | Found a burning altar of Makhleb.
 13973 | D:9      | Became a worshipper of Makhleb the Destroyer
 14104 | D:10     | Entered Level 10 of the Dungeon
 14151 | D:10     | Found a glowing silver altar of Zin.
 15166 | D:10     | Noticed a centaur warrior
 15170 | D:10     | Killed a centaur warrior
 15171 | D:10     | Reached XP level 12. HP: 88/89 MP: 0/0
 15264 | D:10     | Reached * piety under Makhleb
 15280 | D:10     | Found Osiol's Armour Shoppe.
 15989 | D:11     | Noticed a soul eater
 16018 | D:11     | Noticed a four-headed hydra
 16021 | D:11     | Noticed a two-headed ogre
 16031 | D:11     | Killed a one-headed hydra
 16035 | D:11     | Killed a two-headed ogre
 16221 | D:11     | Noticed a two-headed ogre
 16232 | D:11     | Killed a two-headed ogre
 16235 | D:11     | Gained mutation: Your spells are a little easier to cast,
                  | but a little less powerful. [a neqoxec]
 16238 | D:11     | Reached skill level 11 in Dodging
 16972 | D:10     | Slain by a soul eater

Illustrated notes

Levels and vault maps discovered:
D:1:      wander_arrival_estate, layout_loops_corners
D:2:      layout_loops_ring, chequers_ecumenical_altar_twisty
D:3:      layout_loops_ring, mainiacjoe_overflow_divided_tiny,
          biasface_ghost_orc_armoury, hangedman_glass_teeth, minmay_hedge_maze
D:4:      minmay_evil_eye, layout_rooms, kb_xom_exploding_sheep, led_sif_book,
          minmay_fire_ice_demons
D:5:      layout_basic, mainiacjoe_overflow_catwalk, serial_shops,
          kennysheep_mini_moat, shop, nicolae_square_shop,
          nicolae_shop_bloodbath_and_beyond, uniq_prince_ribbit1
D:6:      layout_cave_pools, minmay_temple_entry_fiery, uniq_blork_the_orc
D:7:      layout_loops_ring, gammafunk_temple_of_torment, serial_aquarium,
          aquarium_bridge_long_separate [aquarium_subvault_bridge,
          aquarium_subvault_window, aquarium_subvault_bridge,
          aquarium_subvault_window, aquarium_subvault_bridge,
          aquarium_subvault_wall], aquarium_window_fake, aquarium_window_fake,
          aquarium_window_corridor_3, aquarium_view_2c
D:8:      cheibrodos_elevator_heist, layout_layer_cave,
          mainiacjoe_overflow_boulevard
D:9:      layout_irregular_city, lightli_temple_of_fire, david_orc_5,
          uniq_psyche, uniq_harold
D:10:     layout_cave_pools, mainiacjoe_overflow_24_doors, serial_gnoll_camp,
          gnoll_camp_medium_01, gnoll_camp_mini_hut, gnoll_camp_mini_house,
          gnoll_camp_mini_loothouse, gnoll_camp_mini_doghouse,
          gnoll_camp_mini_shop
D:11:     layout_cave_pools, lair_entry_dummy, nicolae_trove_entry_isolated,
          serial_demonic, serial_demonic_b, serial_demonic_b, serial_demonic_d,
          serial_demonic_a, uniq_erica
Temple:   nicolae_temple_slightly_damp_pantheon

Skill      XL: |  1  2  3  4  5  6  7  8  9 10 11 12 |
---------------+-------------------------------------+-----
Fighting       | 1 2 3 5 6 7 9 |  9.8
Stealth        | 2 3 4 7 8 |  8.4
Dodging        | 3 4 5 6 7 9 10 11 | 11.0
Spellcasting   | 4 5 6 7 8 |  8.3
Evocations     | 2 4 6 |  6.7

Action                   |  1- 3 |  4- 6 |  7- 9 | 10-12 || total
-------------------------+-------+-------+-------+-------++-------
Melee: Short sword       |     8 |     4 |       |       ||    12
       Eveningstar       |       |    50 |    63 |    13 ||   126
       Scimitar          |       |       |       |    57 ||    57
       Punch             |       |       |       |     2 ||     2
 Cast: Magic Dart        |    51 |    83 |    99 |   128 ||   361
       Searing Ray       |     1 |     6 |    19 |    25 ||    51
       Iskenderun's Myst |       |     3 |    12 |    78 ||    93
       Fulminant Prism   |       |     3 |     2 |    42 ||    47
       Wereblood         |       |     1 |       |       ||     1
       Call Canine Famil |       |       |     2 |     6 ||     8
       Animate Armour    |       |       |       |     1 ||     1
Evoke: Box of beasts     |       |       |       |     1 ||     1
       Tin of tremorston |       |       |       |     1 ||     1
  Use: Scroll            |       |    16 |     7 |     9 ||    32
       Potion            |       |     1 |     2 |     2 ||     5
 Stab: Sleeping          |       |     3 |       |       ||     3
Armor: Robe              |     3 |    16 |    33 |    31 ||    83
Dodge: Dodged            |    12 |    29 |    76 |   130 ||   247
Block: Other             |     6 |    17 |    29 |    31 ||    83
       Reflection        |       |     1 |     2 |     4 ||     7
